 Dungeon Crawl Stone Soup version 0.30-a0-918-g0ff054e9dc (webtiles) character file.

Game seed: 13097411617106040560

15 jasper the Shield-Bearer (level 2, -1/24 HPs)
             Began as a Demonspawn Wanderer on Mar 20, 2023.
             Slain by an endoplasm (3 damage)
             ... on level 1 of the Dungeon.
             The game lasted 00:01:14 (185 turns).

jasper the Shield-Bearer (Demonspawn Wanderer)       Turns: 185, Time: 00:01:15

Health: -1/24      AC:  3    Str: 10    XL:     2   Next: 34%
Magic:  2/2        EV: 11    Int: 10    God:
Gold:   0          SH:  7    Dex: 17    Spells: 1/1 levels left

rFire   . . .      SeeInvis .    a - +0 dagger
rCold   . . .      Faith    .    f - +2 buckler
rNeg    . . .      Spirit   .    e - +0 robe
rPois   .          Reflect  .    (no helmet)
rElec   .          Rampage  .    c - +0 cloak
rCorr   .                        (no gloves)
Will    .....                    (no boots)
Stlth   ++                       (no amulet)
HPRegen 0.24/turn                (no ring)
MPRegen 0.08/turn                (no ring)

@: no status effects
A: foul stench 1
a: no special abilities


You were on level 1 of the Dungeon.
You visited 1 branch of the dungeon, and saw 1 of its levels.

Inventory:

Hand Weapons
 a - a +0 dagger (weapon)
 g - a +0 short sword
Armour
 c - a +0 cloak (worn)
 e - a +0 robe (worn)
 f - a +2 buckler (worn)
Scrolls
 b - a scroll of teleportation
 d - a scroll of fog


   Skills:
 + Level 3.1 Fighting
 + Level 1.1 Armour
 + Level 0.5 Dodging
 + Level 1.3 Stealth
 - Level 4.5 Shields
 * Level 0.9 Unarmed Combat


You had one spell level left.
You didn't know any spells.
Your spell library was empty.

Dungeon Overview and Level Annotations

Branches:
Dungeon (1/15)

Altars:


Innate Abilities, Weirdness & Mutations

You may rarely emit foul miasma when damaged in melee.


Message History

The quokka attacks as you move away! The quokka closely misses you.
A ball python comes into view.
The quokka attacks as you move away! The quokka barely misses you.
Found a scroll labelled FOAHEIGEOL.
The bat hits you but does no damage.
You miss the bat. The bat barely misses you. The quokka bites you. x2
You emit a cloud of foul miasma!
You take 2 damage, and have 9/24 hp.
You closely miss the bat. The bat hits you.
You emit a cloud of foul miasma!
The bat is engulfed in dark miasma.
The bat is poisoned.
You kill the bat!
The quokka is engulfed in dark miasma.
The quokka is poisoned.
The quokka seems to slow down.
You kill the quokka!
You take 1 damage, and have 8/24 hp.
The endoplasm freezes you.
You are frozen.
* * * LOW HITPOINT WARNING * * *
You see here a bat corpse.
You take 1 damage, and have 7/24 hp.
The endoplasm attacks as you move away!
The endoplasm hits you but does no damage.
You swing at nothing.
You swing at nothing.
You swing at nothing.
You hit the endoplasm.
The endoplasm is moderately wounded.
The endoplasm freezes you.
You are frozen.
* * * LOW HITPOINT WARNING * * *
You take 4 damage, and have 4/24 hp.
You hit the endoplasm but do no damage.
The endoplasm is moderately wounded.
The endoplasm freezes you.
You are frozen.
* * * LOW HITPOINT WARNING * * *
You take 2 damage, and have 2/24 hp.
You hit the endoplasm but do no damage.
The endoplasm is moderately wounded.
The endoplasm hits you.
You die...

...####......>....... #?
..##......).......
..#.###...........†.
#####.#.###............#
......#..##.......###...
.##...............# #..#
..................# #.J#
..#..##J###.............
#S #@# ######........
#.# ###...... #..#
###.#. #.## .. .. ...
..## ... ....


You could see an endoplasm.

Vanquished Creatures
  An endoplasm (D:1)
  A giant cockroach (D:1)
  4 jackals (D:1)
  A kobold (D:1)
  2 quokkas (D:1)
  A bat (D:1)
  A frilled lizard (D:1)
  2 rats (D:1)
13 creatures vanquished.

Notes
Turn   | Place    | Note
-------+----------+-------------------------------------------
     0 | D:1      | jasper the Demonspawn Wanderer began the quest for the Orb.
     0 | D:1      | jasper set off with the following items: a +0 dagger, a
                  | scroll of teleportation, a +0 cloak, a scroll of fog, a +0
                  | robe, a +2 buckler.
     0 | D:1      | Reached XP level 1. HP: 18/18 MP: 1/1
    84 | D:1      | Gained mutation: You may rarely emit foul miasma when
                  | damaged in melee. [demonic ancestry]
    84 | D:1      | Reached XP level 2. HP: 15/24 MP: 2/2
   185 | D:1      | Slain by an endoplasm

Illustrated notes

Levels and vault maps discovered:
D:1:      beargit_arrival_greenhouse, layout_rooms,
          dreamdust_ecumenical_altar_grove

Action                     || total
---------------------------++-------
  Melee: Dagger            ||    71
 Armour: Robe              ||    23
  Dodge: Dodged            ||    34
  Block: Buckler           ||    40

Table legend: (Time is in decaauts)
 A = Elapsed time spent in this place.
 B = Non-inter-level travel time spent in this place.
 C = Inter-level travel time spent in this place.
 D = Time resting spent in this place.
 E = Time spent auto-exploring this place.
 F = Levels seen in this place.
 G = Mean time per level.
                   A        B        C        D        E       F      G
               +--------+--------+--------+--------+--------+-----+--------+
         Total |    187 |    187 |      0 |      0 |     46 |   1 |  187.0 |
       Dungeon |    187 |    187 |      0 |      0 |     46 |   1 |  187.0 |
               +--------+--------+--------+--------+--------+-----+--------+

Top non-repeatable levels by time:
     D:1: 187 daAuts
